[Event "GER-chT Youth Countries 2018"]
[Site "Wurzburg"]
[Date "2018.10.03"]
[Round "1"]
[White "Engel, Robert"]
[Black "Garbuz, Vitaliy"]
[Result "1-0"]
[ECO "C55"]
[WhiteElo "2059"]
[BlackElo "2182"]
[Annotator "NA"]
[PlyCount "147"]
[EventDate "2018.10.03"]
[EventType "team-tourn"]
[EventCountry "GER"]
[SourceTitle "playchess.com"]
[Source "ChessBase"]
[SourceQuality "1"]
[TimeControl "40/5400+30:1800+30"]

1. e4 e5 2. Nf3 Nc6 3. Bc4 Nf6 4. d3 Qe7 (4... Be7 5. Nc3 O-O 6. a3 d6 7. Be3 Kh8 8. Ng5 Qe8 9. h4 h6 10. f3 Nd4 11. Qd2 b5 12. Ba2 c6 13. O-O-O a5 {0-1 (40) Duda,J (2737)-Grischuk,A (2766) chess.com INT 2018}) 5. Nc3 Na5 {[%emt 0:00:39] LiveBook: 3 Games} 6. O-O {[%emt 0:05:26] C55: Two Knights: 4 d3, 4 d4 exd4 5 e5 and Max Lange Attack} Nxc4 7. dxc4 d6 8. h3 $146 {[%emt 0:01:48] White is slightly better.} ({Predecessor:} 8. Qd3 c6 9. b3 Nd7 10. Ba3 Nc5 11. Qe3 Bg4 12. Ne1 {0-1 (28) Martidis,A (2360)-Nikolaidis,I (2425) Athens 1994}) 8... Be6 9. Qd3 g6 10. b4 a5 11. bxa5 Rxa5 12. Nd2 (12. Bd2 $11) 12... Bg7 $15 13. Nb3 Ra8 14. Be3 O-O 15. c5 Rfd8 16. cxd6 $1 Qxd6 17. Qb5 Bd7 18. Qc4 Be6 19. Qb5 $1 Bd7 20. Qc4 $1 Qc6 21. Qxc6 Bxc6 ({Of course not} 21... bxc6 $6 22. Nc5 $14) 22. f3 b5 23. Rfd1 Rxd1+ 24. Nxd1 Bf8 25. Kf2 Nd7 26. g4 Nb6 27. Bxb6 cxb6 28. Nb2 Bb4 {[%emt 0:01:03] White must now prevent ...Bc3.Black is better.} 29. Nd1 Bd7 30. Ke2 Be6 {[%emt 0:01:30] Precision: White = 41%, Black = 65%.} 31. Ne3 Bc3 32. Rd1 Rxa2 33. Rd8+ Kg7 34. Kd3 Bb4 35. Nd5 Bc5 36. g5 f5 37. gxf6+ Kf7 38. Rh8 Bxd5 39. Rxh7+ Kg8 40. Rg7+ Kf8 41. exd5 Ra4 42. Rc7 Rc4 43. c3 Rf4 44. Nxc5 bxc5 45. Rxc5 Rxf6 46. Ke3 Rf4 47. Rxb5 Rc4 48. d6 Rxc3+ 49. Ke4 Ke8 50. Rxe5+ Kd7 51. Rd5 Rc4+ 52. Rd4 Rc5 53. Kf4 Rf5+ 54. Kg4 Rh5 55. h4 Rc5 56. f4 Rb5 57. Ra4 Kxd6 58. Ra6+ Ke7 59. Rxg6 Kf7 60. h5 Rb1 61. Ra6 Rg1+ 62. Kf5 Rh1 63. Ra7+ Kg8 64. Kg6 Rg1+ 65. Kf6 Rh1 66. f5 Rb1 67. Rg7+ Kh8 68. Re7 Rb6+ 69. Re6 Rb8 70. Kg6 Rg8+ 71. Kh6 Rf8 72. f6 Kg8 73. Kg6 Kh8 74. f7 1-0

[Event "GER-chT Youth Countries 2018"]
[Site "Wurzburg"]
[Date "2018.10.03"]
[Round "1"]
[White "Lutz, Ruben"]
[Black "Wong, Gengchun"]
[Result "0-1"]
[ECO "A40"]
[WhiteElo "2043"]
[BlackElo "2194"]
[Annotator "NA"]
[PlyCount "140"]
[EventDate "2018.10.03"]
[EventType "team-tourn"]
[EventCountry "GER"]
[SourceTitle "playchess.com"]
[Source "ChessBase"]
[SourceQuality "1"]
[TimeControl "40/5400+30:1800+30"]

1. d4 b5 2. Bf4 Nf6 3. e3 Bb7 4. Nd2 (4. Nf3 a6 5. c4 bxc4 6. Bxc4 e6 7. Nc3 d5 8. Bd3 Nbd7 9. O-O Be7 10. Na4 c5 11. Nxc5 Nxc5 12. dxc5 Bxc5 13. Rc1 {½-½ (81) Caruana,F (2816)-Vachier Lagrave,M (2789) Paris 2018}) 4... e6 5. Ngf3 a6 6. h3 {[%emt 0:02:57] A40: Unusual replies to 1 d4} c5 {[%emt 0:05:37] LiveBook: 3 Games} 7. c3 d5 8. Bd3 {[%emt 0:02:24] The position is equal.} Bd6 9. Ne5 (9. dxc5 {with more complications.} Bxc5 10. O-O O-O 11. Nb3 Be7 12. a4) 9... Nc6 10. Nxc6 $146 ({Predecessor:} 10. Ndf3 Qc7 11. O-O Ne4 12. Rc1 c4 13. Bc2 f6 14. Nxc6 Bxc6 15. Bxd6 Qxd6 16. Nd2 {½-½ (16) Rackowiak,H (2011)-Franke,R (2054) Bergen 2014}) 10... Bxc6 11. Bxd6 Qxd6 12. dxc5 Qxc5 13. Qe2 O-O 14. O-O Rad8 15. Rfd1 Rfe8 16. e4 e5 17. Qf3 Qe7 18. Re1 g6 {[%emt 0:10:16] [#] aiming for ...dxe4.} 19. g3 $2 {[%emt 0:04:52] Precision: White = 23%, Black = 48%.} (19. Qe3 $15) 19... Kg7 20. Rad1 Bd7 21. Bf1 Bc6 22. Bd3 Bb7 23. Qe2 Bc8 24. Kh2 h5 25. exd5 h4 26. Nf3 hxg3+ 27. fxg3 Rxd5 28. c4 bxc4 29. Bxc4 Rxd1 30. Rxd1 Rh8 31. Qxe5 Qa7 32. Qd4 Qxd4 33. Rxd4 Rxh3+ 34. Kg2 Rh5 35. b3 Bb7 36. Rf4 g5 37. g4 Rh4 38. Rd4 Nxg4 39. Bxa6 Ne3+ 40. Kf2 Rxd4 41. Nxd4 Nd1+ 42. Ke1 Bxa6 43. Kxd1 Kf6 44. Kd2 Ke5 45. Ke3 f5 46. Nc6+ Kf6 47. Nb4 Bb7 48. Nd3 Ke7 49. a4 Bc6 50. a5 Kd6 51. a6 Kc7 52. Ne5 f4+ 53. Ke2 Ba8 54. b4 Kb6 55. Ng4 Kxa6 56. Nf6 Kb5 57. Nh7 g4 58. Nf6 g3 59. Nh5 f3+ 60. Kf1 g2+ 61. Kf2 Kxb4 62. Nf4 Kc4 63. Kg1 Kd4 64. Nh3 Ke3 65. Nf2 Ke2 66. Nh3 Bb7 67. Nf2 Bc8 68. Ne4 Bf5 69. Nf2 Ke1 70. Kh2 Kf1 0-1

[Event "GER-chT Youth Countries 2018"]
[Site "Wurzburg"]
[Date "2018.10.03"]
[Round "1"]
[White "Noeldner, Julian"]
[Black "Krastev, Alexander"]
[Result "0-1"]
[ECO "C55"]
[WhiteElo "2024"]
[BlackElo "2298"]
[Annotator "NA"]
[PlyCount "95"]
[EventDate "2018.10.03"]
[EventType "team-tourn"]
[EventCountry "GER"]
[SourceTitle "playchess.com"]
[Source "ChessBase"]
[SourceQuality "1"]
[TimeControl "40/5400+30:1800+30"]

1. e4 e5 2. Nf3 Nc6 3. Bc4 Nf6 4. d3 Be7 5. O-O O-O 6. Re1 d6 7. a4 h6 8. a5 {[%emt 0:00:56] C55: Two Knights: 4 d3, 4 d4 exd4 5 e5 and Max Lange Attack} (8. c3 a6 9. Nbd2 Be6 10. Qc2 Qd7 11. b4 Nh7 12. Bxe6 fxe6 13. Bb2 b6 14. b5 axb5 15. axb5 Na5 16. c4 {½-½ (54) So,W (2812)-Ivanchuk,V (2738) Leuven 2017}) 8... a6 9. c3 Nh7 10. d4 Bg4 11. d5 Nb8 12. h3 Bh5 13. Be2 $146 ({Predecessor:} 13. b4 Nd7 14. Nbd2 {1-0 (47) Saric,I (2511)-Orak,L (2315) Sibenik 2008}) 13... Bg6 14. Bd3 Ng5 15. c4 c5 16. Nc3 Nxf3+ 17. Qxf3 Bg5 18. Ne2 Nd7 19. Ng3 Qf6 20. Qg4 Rfd8 21. Bc2 Rab8 22. Ra3 Bxc1 23. Rxc1 Qg5 24. Qxg5 hxg5 25. Rb1 Rdc8 26. Bd1 Rc7 27. Bg4 Nf6 28. f3 b5 29. axb6 $1 Rxb6 30. b3 Ne8 31. Rba1 Ra7 32. Bf5 Bxf5 33. Nxf5 g6 34. Ne3 Nc7 35. Nd1 Rab7 36. Rb1 Rb4 37. Kf1 (37. Ne3 $11) 37... Rxc4 38. Ne3 (38. Rba1 $11 {remains equal.} Rcb4 39. Ne3) 38... Rcb4 39. Nc2 R4b5 40. Ne3 Kf8 41. Nc4 Ke7 42. Na5 R7b6 43. Ke2 Kd7 44. Kd3 Rb4 45. Nc6 c4+ 46. Kc2 cxb3+ $11 47. Rbxb3 R4b5 48. Na7 0-1

[Event "GER-chT Youth Countries 2018"]
[Site "Wurzburg"]
[Date "2018.10.03"]
[Round "1"]
[White "Fromm, Marius"]
[Black "Karsay, Pascal"]
[Result "0-1"]
[ECO "A13"]
[WhiteElo "2022"]
[BlackElo "2261"]
[Annotator "NA"]
[PlyCount "88"]
[EventDate "2018.10.03"]
[EventType "team-tourn"]
[EventCountry "GER"]
[SourceTitle "playchess.com"]
[Source "ChessBase"]
[SourceQuality "1"]
[TimeControl "40/5400+30:1800+30"]

1. Nf3 Nf6 2. c4 e6 3. g3 d5 4. Bg2 dxc4 5. Qa4+ Nbd7 6. Qxc4 c5 7. a4 {[%emt 0:18:59] A13: English Opening: 1...e6} (7. O-O a6 8. Qb3 Ra7 9. a4 b6 10. Na3 Bd6 11. Nc4 Bc7 12. d3 Bb7 13. e4 O-O 14. Be3 Bc6 15. h3 Qb8 16. Qc3 {1-0 (36) Navara,D (2720)-Vovk,Y (2614) Slovakia 2018}) 7... b6 8. Nc3 Bb7 9. O-O a6 {[%emt 0:15:26] LiveBook: 3 Games} 10. Qb3 Rc8 11. d3 Bd6 $146 ({Predecessor:} 11... Be7 12. Nd2 Bxg2 13. Kxg2 Qc7 14. Nc4 O-O 15. Bf4 Qc6+ {0-1 (44) Schneider,A (2337)-Szilagyi,P (2424) Hungary 2003}) 12. Nd2 Bxg2 13. Kxg2 Qc7 14. Nde4 Nxe4 15. Nxe4 O-O 16. Bd2 Rce8 17. Nxd6 {[%emt 0:05:34] The position is equal.} Qxd6 18. Bc3 Qd5+ 19. Qxd5 exd5 20. Rfe1 {[%emt 0:02:50] Precision: White = 37%, Black = 28%.} d4 21. Bd2 a5 22. Bf4 Re6 23. Kf3 Nf6 24. Bd2 Rfe8 25. Rad1 Nd5 26. e4 dxe3 27. fxe3 Rf6+ 28. Kg2 Rd6 29. Kf3 Red8 30. Ke2 h5 31. Rf1 g6 32. Rf3 Ne7 33. Bc3 c4 34. d4 Re6 35. Kd2 Nd5 36. Re1 Rde8 37. Re2 f5 38. h3 Re4 39. Re1 Kg7 40. Re2 Kf6 41. Re1 g5 42. g4 hxg4 43. hxg4 Rxg4 44. Rh3 Rg2+ 0-1

[Event "GER-chT Youth Countries 2018"]
[Site "Wurzburg"]
[Date "2018.10.03"]
[Round "1"]
[White "Wu, Leon"]
[Black "Riegel, Arinna"]
[Result "1/2-1/2"]
[ECO "B28"]
[WhiteElo "2009"]
[BlackElo "1881"]
[Annotator "NA RC"]
[PlyCount "104"]
[EventDate "2018.10.03"]
[EventType "team-tourn"]
[EventCountry "GER"]
[SourceTitle "playchess.com"]
[Source "ChessBase"]
[SourceQuality "1"]
[TimeControl "40/5400+30:1800+30"]

1. e4 c5 2. Nf3 a6 3. Nc3 Nc6 4. a4 e6 5. d4 cxd4 6. Nxd4 Qc7 7. Be2 Nf6 8. O-O Be7 9. Kh1 d6 10. Be3 Bd7 11. Qd2 Rd8 12. Nb3 Na5 13. Nxa5 Qxa5 14. Rfb1 Bc6 15. b4 Qc7 16. a5 Rd7 17. f3 d5 18. Bb6 dxe4 19. Qg5 Qc8 20. Ra3 (20. b5 $17 Bd5 21. Nxd5 Nxd5 22. Qg3 (22. Qxg7 $2 Bf6 $19) 22... exf3 23. Qxf3) 20... Nd5 21. Qg3 $2 (21. Qxg7 $11 Bf6 22. Qh6 Bxc3 {[#]} 23. Rxc3 $1 Nxc3 24. Qg7) 21... exf3 22. Bxf3 Nxb4 $2 (22... Nf6 $19 23. Be3 O-O) 23. Qxg7 Rf8 24. Bh5 $2 {[%emt 0:02:40] [#]} (24. Ne4 $14 {keeps the upper hand.}) 24... Nxc2 $2 ({Better is} 24... Nd5 $1 $19 25. Rab3 Nf6) 25. Rf1 $2 (25. Rab3 $1 $11) 25... Bxa3 26. Qf6 Re7 27. Rf2 Ne1 28. h3 Bxg2+ 29. Kh2 Bd6+ 30. Kg1 Nd3 31. Rxg2 Be5 32. Ne4 Qc1+ 33. Qf1 Qxf1+ 34. Kxf1 Rd7 35. Rc2 Ke7 36. Be2 f5 37. Ng5 Rg8 38. Nf3 Bf4 39. Rc4 Bg3 40. Nd4 Ne5 41. Rc3 Bh2 42. Nb3 Rg3 43. Rxg3 Bxg3 44. Nc5 Rd5 45. Nxb7 f4 46. Nc5 f3 47. Bxf3 Nxf3 48. Kg2 Bd6 49. Nxa6 Ne5 50. Nc7 $19 Bxc7 51. Bxc7 Nc6 52. a6 Rd2+ 1/2-1/2

[Event "GER-chT Youth Countries 2018"]
[Site "Wurzburg"]
[Date "2018.10.03"]
[Round "1"]
[White "Boehm, Jana"]
[Black "Wagner, Margarethe"]
[Result "1-0"]
[ECO "B90"]
[WhiteElo "2001"]
[BlackElo "1643"]
[Annotator "NA"]
[PlyCount "59"]
[EventDate "2018.10.03"]
[EventType "team-tourn"]
[EventCountry "GER"]
[SourceTitle "playchess.com"]
[Source "ChessBase"]
[SourceQuality "1"]
[TimeControl "40/5400+30:1800+30"]

1. e4 c5 2. Nf3 d6 3. d4 cxd4 4. Nxd4 Nf6 5. Nc3 a6 6. Be3 e5 7. Nb3 Be6 8. f3 Be7 9. Qd2 h5 10. O-O-O Nbd7 11. h3 {[%emt 0:02:00] B90: Sicilian Najdorf: Unusual White 6th moves, 6 Be3 Ng4 and 6 Be3 e5} (11. Nd5 Nxd5 12. exd5 Bf5 13. Bd3 Bxd3 14. Qxd3 Bg5 15. Kb1 Bxe3 16. Qxe3 Rc8 17. h4 Nf6 18. Qd3 Qc7 {1-0 (32) Aronian,L (2767)-Dominguez Perez,L (2739) Saint Louis 2018}) 11... h4 12. Kb1 Rc8 13. Bd3 Nh5 14. Nd5 $146 ({Predecessor:} 14. Rhe1 g6 15. Bf1 Qc7 16. Qf2 Kf8 17. Nd5 Bxd5 18. Rxd5 b5 19. Rc1 Nhf6 {1-0 (37) Van der Weide,K (2446)-Ftacnik,L (2579) Amsterdam 2006}) 14... Bxd5 15. exd5 Ng3 16. Rhe1 Nf6 17. Bf2 Nfh5 18. Qb4 b5 19. Bxg3 hxg3 20. a4 bxa4 21. Qxa4+ Kf8 22. Na5 Qb6 23. Nc6 Nf4 24. Nxe7 ({Falsch wäre} 24. Bxa6 $2 Ra8 $19) 24... Kxe7 25. Qxf4 Rb8 26. b3 Qf2 {[%emt 0:07:04] [#]} 27. Rxe5+ $1 Kf8 28. Rf5 Qa7 29. Qxd6+ $18 Kg8 30. Re1 1-0

[Event "GER-chT Youth Countries 2018"]
[Site "Wurzburg"]
[Date "2018.10.03"]
[Round "1"]
[White "Laux, Dominik"]
[Black "Schnabel, Luise"]
[Result "1/2-1/2"]
[ECO "A40"]
[WhiteElo "1987"]
[BlackElo "1753"]
[Annotator "NA"]
[PlyCount "99"]
[EventDate "2018.10.03"]
[EventType "team-tourn"]
[EventCountry "GER"]
[SourceTitle "playchess.com"]
[Source "ChessBase"]
[SourceQuality "1"]
[TimeControl "40/5400+30:1800+30"]

1. d4 e6 2. Bf4 d5 3. e3 Nf6 4. Nd2 c5 5. c3 Bd6 6. Bg3 Nc6 7. Ngf3 O-O 8. Bd3 b6 9. dxc5 {[%emt 0:11:12] D02: 1 d4 d5 2 Nf3 sidelines, including 2...Nf6 3 g3 and 2...Nf6 3 Bf4} (9. e4 Be7 10. e5 Nh5 11. Nf1 cxd4 12. Nxd4 Nxd4 13. cxd4 g6 14. Ne3 f5 15. exf6 Bxf6 16. Be2 Nxg3 17. hxg3 {½-½ (37) Nakamura,H (2787)-Svidler,P (2760) Moscow 2018}) 9... bxc5 10. e4 Qc7 11. Qe2 Nd7 $146 ({Predecessor:} 11... Ne5 12. Nxe5 Bxe5 13. O-O Bxg3 14. hxg3 Qe5 15. Rfe1 Bb7 16. exd5 Qxe2 17. Rxe2 Bxd5 {1-0 (60) Harmatosi,J (2210)-Burbigde,D Budapest 2003}) 12. O-O Nce5 13. Nxe5 Nxe5 14. Rfe1 Bb7 15. Bxe5 Bxe5 16. exd5 Bxh2+ 17. Kh1 Bd6 ({Black should play} 17... Bf4 $1 $14) 18. dxe6 Rae8 {[%emt 0:06:21] [#]} ({Wrong is} 18... Qc6 $2 19. Be4 $18) 19. exf7+ $1 Qxf7 20. Bc4 Bd5 21. Bxd5 Qxd5 22. Qc4 Qxc4 23. Nxc4 Bc7 24. Kg1 Kf7 25. Kf1 Re6 26. Rad1 Rxe1+ 27. Kxe1 Ke6 28. Ke2 Rd8 29. Rxd8 Bxd8 30. Kd3 h6 31. Ne3 Bh4 32. g3 Be7 33. f4 a6 34. Ke4 Bd6 35. g4 g6 36. Nc4 Bc7 37. a4 Bb8 (37... h5 $142) 38. Ne3 h5 39. gxh5 (39. Kf3 $16) 39... gxh5 40. Nf5 Kf6 41. b4 cxb4 42. cxb4 Bc7 43. b5 axb5 44. axb5 Bb6 45. Nh4 $2 (45. Ne3 $18 Bc5 46. Ng2) 45... Bc7 46. Nf5 Bd8 47. Ne3 Ke6 48. Nc4 h4 $11 49. b6 h3 50. Kf3 1/2-1/2

[Event "GER-chT Youth Countries 2018"]
[Site "Wurzburg"]
[Date "2018.10.03"]
[Round "1"]
[White "Wiesner, Paula"]
[Black "Lesny, Florian"]
[Result "0-1"]
[ECO "D46"]
[WhiteElo "1969"]
[BlackElo "2073"]
[Annotator "NA RC"]
[PlyCount "60"]
[EventDate "2018.10.03"]
[EventType "team-tourn"]
[EventCountry "GER"]
[SourceTitle "playchess.com"]
[Source "ChessBase"]
[SourceQuality "1"]
[TimeControl "40/5400+30:1800+30"]

1. d4 d5 2. c4 c6 3. e3 Nf6 4. Nf3 e6 5. Nc3 Nbd7 6. Bd3 Bd6 7. O-O O-O 8. Qe2 Qe7 {[%emt 0:05:35] D46: Semi-Slav: 5 e3 Nbd7 6 Bd3, Black avoids the Meran} 9. Rd1 (9. e4 dxc4 10. Bxc4 e5 11. Rd1 h6 12. Nh4 Nb6 13. Ng6 Qc7 14. dxe5 Bxe5 15. Nxe5 Qxe5 16. Bd3 {1-0 (38) Tallaksen,L (2298)-Hole,O (2324) Sarpsborg 2018}) 9... dxc4 10. Bxc4 e5 11. d5 e4 $146 ({Predecessor:} 11... cxd5 12. Nxd5 Nxd5 13. Bxd5 Nf6 14. e4 Nxd5 15. Rxd5 Be6 16. Rd1 f6 17. Be3 b6 18. b3 Rac8 19. Rac1 Ba3 20. Rxc8 Rxc8 21. h3 Kf7 22. Qd3 {½-½ (22) Juhasz,Z-Jachym,D Balatonlelle 2001}) 12. Ne1 Ne5 13. h3 b5 14. Bb3 b4 15. Na4 cxd5 16. Bxd5 Nxd5 17. Rxd5 Be6 18. Rd4 f5 19. f4 exf3 20. Nxf3 Nxf3+ 21. Qxf3 Be5 22. Rd1 Rac8 23. e4 Qe8 24. exf5 Qxa4 25. Qe2 Bf7 26. Bg5 Rfe8 27. Qf2 Qc2 28. Rd2 Qc1+ 29. Rxc1 Rxc1+ 30. Qf1 Bh2+ 0-1

[Event "GER-chT Youth Countries 2018"]
[Site "Wurzburg"]
[Date "2018.10.03"]
[Round "1"]
[White "Yankelevich, Michael"]
[Black "Troyke, Jannis"]
[Result "1-0"]
[ECO "B34"]
[WhiteElo "1961"]
[BlackElo "1924"]
[Annotator "NA RC"]
[PlyCount "39"]
[EventDate "2018.10.03"]
[EventType "team-tourn"]
[EventCountry "GER"]
[SourceTitle "playchess.com"]
[Source "ChessBase"]
[SourceQuality "1"]
[TimeControl "40/5400+30:1800+30"]

1. e4 c5 2. Ne2 Nc6 3. Nbc3 g6 4. d4 cxd4 5. Nxd4 Bg7 6. Nde2 Nf6 7. g3 d6 8. Bg2 O-O 9. O-O Bd7 10. h3 Rb8 11. a4 a6 12. Nd5 Nxd5 {[%emt 0:07:46] B70: Sicilian Dragon: 6 g3 and 6 Be2 (without a later Be3)} 13. exd5 Na5 {[%emt 0:03:37] [#]} 14. Re1 $146 ({Predecessor:} 14. Ra2 Qc7 15. b3 b5 16. axb5 axb5 17. Be3 Ra8 18. Bd4 Nb7 19. Rxa8 Rxa8 20. Bxg7 Kxg7 {1-0 (45) Baklan,V (2600)-Drnovsek,G (2421) Trieste 2017}) 14... Re8 15. c3 Qb6 16. Qd3 Nb3 17. Be3 Qa5 (17... Nc5 $11 18. Qd2 Qc7) 18. Ra3 Bxa4 $2 (18... Nc5 $16 {might work better.} 19. Qd1 Nxa4) 19. Qc4 $1 b5 {[%emt 0:00:15] [#]} 20. Qxb3 $18 1-0

[Event "GER-chT Youth Countries 2018"]
[Site "Wurzburg"]
[Date "2018.10.03"]
[Round "1"]
[White "Wagner, Leopold Franziskus"]
[Black "Keyser, Robin"]
[Result "1-0"]
[ECO "C19"]
[WhiteElo "1934"]
[BlackElo "1999"]
[Annotator "NA"]
[PlyCount "87"]
[EventDate "2018.10.03"]
[EventType "team-tourn"]
[EventCountry "GER"]
[SourceTitle "playchess.com"]
[Source "ChessBase"]
[SourceQuality "1"]
[TimeControl "40/5400+30:1800+30"]

1. e4 e6 2. d4 d5 3. Nc3 Bb4 4. e5 c5 5. a3 Bxc3+ 6. bxc3 Ne7 7. Nf3 b6 8. h4 {[%emt 0:02:05] C19: French: 3 Nc3 Bb4: Main line: 7 Nf3 and 7 a4} (8. Bb5+ Bd7 9. Bd3 Ba4 10. O-O c4 11. Be2 Na6 12. Ne1 Nc7 13. g3 Qd7 14. Ng2 O-O-O 15. Bg4 Kb7 16. Bh3 Ng6 17. Qe2 Rde8 {0-1 (50) Iordachescu,V (2600)-Vallejo Pons,F (2710) Gallipoli 2017}) 8... Ba6 9. h5 h6 10. g4 $146 ({Predecessor:} 10. Bxa6 Nxa6 11. Nh4 Qc7 12. O-O Rc8 13. Ra2 cxd4 14. cxd4 Qc4 15. Rb2 Nc6 {0-1 (38) Moll,A (2172)-Blees,A (2410) Hoogeveen 1999}) 10... Bxf1 11. Kxf1 Qc7 12. g5 hxg5 13. Bxg5 Nbc6 14. h6 O-O-O 15. Qd3 c4 16. Qd2 Rde8 17. Ke2 gxh6 18. Bf6 Rhg8 19. Rxh6 Rg6 20. Rxg6 Nxg6 21. Rh1 Nce7 22. Rh7 Ng8 23. Qg5 Qd7 24. Kd2 b5 25. Nh2 a5 26. Ng4 Qc7 27. Nh6 Nxh6 28. Qxh6 b4 $16 (28... Rg8 $11 {keeps the balance.}) 29. axb4 axb4 30. Qg7 bxc3+ 31. Ke3 Rf8 32. Rh6 Re8 33. Bg5 Ne7 34. Bxe7 Qxe7 35. Rf6 Rf8 36. Rxe6 Qxe6 37. Qxf8+ Kd7 38. Qd6+ Qxd6 39. exd6 Kxd6 40. Kf4 Ke6 41. Kg5 Ke7 42. Kf5 f6 43. Kg4 Ke6 44. f4 1-0

[Event "GER-chT Youth Countries 2018"]
[Site "Wurzburg"]
[Date "2018.10.03"]
[Round "1"]
[White "Koehler, Lukas"]
[Black "Goldbeck, Lars"]
[Result "1-0"]
[ECO "A01"]
[WhiteElo "1926"]
[BlackElo "2184"]
[Annotator "NA"]
[PlyCount "51"]
[EventDate "2018.10.03"]
[EventType "team-tourn"]
[EventCountry "GER"]
[SourceTitle "playchess.com"]
[Source "ChessBase"]
[SourceQuality "1"]
[TimeControl "40/5400+30:1800+30"]

1. b3 Nf6 2. Bb2 d5 3. e3 Bg4 4. Be2 Bxe2 5. Qxe2 Nc6 (5... c6 6. Bxf6 gxf6 7. Nf3 e6 8. O-O Nd7 9. c4 f5 10. Nc3 Bd6 11. Rab1 Qe7 12. cxd5 cxd5 {½-½ (79) Markowski,T (2558)-Grabarczyk,M (2452) Chorzow 2013}) 6. f4 {[%emt 0:03:15] A01: Larsen-Eröffnung} e6 7. Nf3 Bd6 8. O-O $146 {[%emt 0:05:46] Weiß steht etwas besser.} ({Vorgänger:} 8. d3 O-O 9. Nbd2 Qe7 10. Ne5 Rad8 {0-1 (64) Falahat,S-Sanner,D (2253) Cochem 1999}) 8... O-O 9. d4 Ne7 10. Nbd2 Nf5 11. Ne5 c5 12. g4 Ne7 13. Kh1 Rc8 14. c4 cxd4 15. exd4 Bb4 16. Ndf3 Ne4 17. Rfc1 (17. c5 $11) 17... Bd6 {[%emt 0:05:22] Precision: Weiß = 63%, Schwarz = 68%.} 18. Nd2 f5 19. Nxe4 fxe4 20. Rf1 Ng6 21. f5 exf5 22. gxf5 Nh4 23. Qg4 Qf6 24. Nd7 Qh6 25. f6 Qd2 26. Qxg7# 1-0

[Event "GER-chT Youth Countries 2018"]
[Site "Wurzburg"]
[Date "2018.10.03"]
[Round "1"]
[White "Schumann, Rabea"]
[Black "Musiolik, David"]
[Result "0-1"]
[ECO "A13"]
[WhiteElo "1903"]
[BlackElo "2057"]
[Annotator "NA"]
[PlyCount "124"]
[EventDate "2018.10.03"]
[EventType "team-tourn"]
[EventCountry "GER"]
[SourceTitle "playchess.com"]
[Source "ChessBase"]
[SourceQuality "1"]
[TimeControl "40/5400+30:1800+30"]

1. c4 e6 2. Nf3 Nf6 3. g3 d5 4. Bg2 dxc4 5. Na3 Bxa3 6. bxa3 Nc6 7. Qa4 O-O 8. Qxc4 e5 9. d3 h6 10. O-O Nd4 11. Nxd4 Qxd4 12. Qxd4 exd4 13. Bf4 c6 14. Rab1 Rd8 15. Rfc1 Nd5 16. Bd2 g5 17. Rc5 Nc7 $16 (17... Re8 $14) 18. Ba5 Ne6 19. Rc2 Rd6 20. Bb4 Rd7 21. Ba5 c5 22. Bd2 Rb8 23. a4 b6 24. a5 Bb7 25. axb6 Bxg2 26. Kxg2 Rxb6 27. Rcb2 Rdb7 28. Rxb6 Rxb6 29. Rxb6 axb6 30. Kf3 f6 31. Ke4 Nc7 32. e3 dxe3 33. fxe3 Kf7 34. Bc3 h5 35. h3 Ke6 36. g4 hxg4 37. hxg4 Nb5 38. Bb2 Nd6+ 39. Kf3 c4 40. dxc4 Nxc4 41. Bd4 b5 42. Ke4 Na5 43. Kd3 Nc6 44. Bc3 Ne5+ 45. Kd4 Kd6 46. Bb4+ Kc6 47. Be7 Nxg4 48. Ke4 Kd7 49. Bc5 Ke6 50. Bd4 Ne5 51. Bb6 Nc6 52. Bc5 f5+ 53. Kd3 Kd5 54. Bf8 g4 55. a3 Ne5+ 56. Kc3 g3 57. e4+ Kxe4 58. Bc5 g2 59. Ba7 f4 60. Bb6 f3 61. Kb4 f2 62. Bxf2 Nd3+ 0-1

[Event "GER-chT Youth Countries 2018"]
[Site "Wurzburg"]
[Date "2018.10.03"]
[Round "1"]
[White "Ley, Sabrina"]
[Black "Focke, Adrian"]
[Result "1-0"]
[ECO "B23"]
[WhiteElo "1902"]
[BlackElo "1804"]
[Annotator "NA"]
[PlyCount "127"]
[EventDate "2018.10.03"]
[EventType "team-tourn"]
[EventCountry "GER"]
[SourceTitle "playchess.com"]
[Source "ChessBase"]
[SourceQuality "1"]
[TimeControl "40/5400+30:1800+30"]

1. e4 c5 2. Nc3 e6 3. Nge2 Nc6 4. g3 g6 5. d4 cxd4 6. Nxd4 Bg7 {[%emt 0:00:16] B23: Closed Sicilian: Lines without g3} (6... d6 7. Bg2 a6 8. O-O Bd7 9. a4 Bg7 10. Nxc6 Bxc6 11. Bf4 Be5 12. Be3 Ne7 13. Qd2 O-O 14. Rfd1 {1-0 (38) Popovic,D (2569)-Bojovic,D (2320) Valjevo 2011}) 7. Ndb5 Nf6 8. Nd6+ Kf8 9. Be3 a6 10. Na4 b5 $146 ({Predecessor:} 10... Kg8 11. Nb6 Rb8 12. Nbxc8 Rxc8 13. Nxc8 Qxc8 14. Bg2 {1-0 (47) Hennink,W-Wagenaar,H Netherlands 2001}) 11. Nb6 Rb8 12. Nbxc8 Rxc8 13. Nxc8 Qxc8 14. Bg2 h5 15. h3 d5 16. exd5 Nxd5 17. Bxd5 exd5 18. c3 Qe6 19. Qd2 d4 $18 20. cxd4 Bxd4 21. O-O Bf6 22. h4 Ne5 23. Bc5+ Kg7 24. Qe3 Qc6 25. f3 Rd8 26. Rac1 Nc4 27. Qf2 Rd2 28. Qxd2 Qxc5+ 29. Kg2 Ne3+ 30. Kh1 Nxf1 31. Rxf1 Qe5 32. Kg2 Qxb2 33. Qxb2 Bxb2 34. Rd1 b4 35. Rd6 a5 36. Ra6 Bc3 37. Kf2 Bd2 38. Ke2 Bc3 39. Kf1 Bd2 40. Ke2 Bc3 41. Ra7 Be5 42. g4 hxg4 43. fxg4 Bf6 44. h5 Bd8 45. Kf3 Kh6 46. Rd7 Bg5 47. Rxf7 gxh5 48. gxh5 Kxh5 49. Ra7 Bd8 50. Ra8 Bc7 51. Ke4 Kg6 52. Kd5 Kf6 53. Kc6 Be5 54. Rxa5 Bc3 55. Rd5 Ke6 56. Rh5 Ke7 57. Kc5 Ke6 58. Kc4 Kd6 59. a3 Kc6 60. axb4 Be1 61. Rh6+ Kc7 62. Kb5 Bd2 63. Rh2 Be1 64. Re2 1-0

[Event "GER-chT Youth Countries 2018"]
[Site "Wurzburg"]
[Date "2018.10.03"]
[Round "1"]
[White "von Krosigk, Florian"]
[Black "Arakelian, Aik"]
[Result "*"]
[ECO "C50"]
[WhiteElo "1897"]
[BlackElo "1879"]
[Annotator "NA RC"]
[PlyCount "29"]
[EventDate "2018.10.03"]
[EventType "team-tourn"]
[EventCountry "GER"]
[SourceTitle "playchess.com"]
[Source "ChessBase"]
[SourceQuality "1"]
[TimeControl "40/5400+30:1800+30"]

1. e4 e5 2. Nf3 Nc6 3. Bc4 Nf6 4. d3 Bc5 5. O-O d6 6. c3 Bb6 7. Nbd2 O-O 8. Bb3 a6 9. h3 g6 10. Bc2 h6 11. Re1 Re8 12. Nf1 d5 13. exd5 Nxd5 14. Bb3 Nf4 15. Ng3 *